 Dungeon Sprint DCSS version 0.27-a0-59-gfbafd837a3 (webtiles) character file.

Game seed: 13214503219047447620

106127417 mhtbhm the Minotaur Barricade (level 23, 180/216 HPs)
             Began as a Minotaur Fighter on Jan 8, 2021.
             Was the Champion of Hepliaklqana.
             Escaped with the Orb
             ... and 17 runes!
             The game lasted 00:49:00 (17215 turns).

mhtbhm the Minotaur Barricade (Minotaur Fighter)   Turns: 17215, Time: 00:49:01

Health: 180/216    AC: 55    Str: 28    XL:     23   Next: 30%
Magic:  49/49      EV: 20    Int:  5    God:    Hepliaklqana [******]
Gold:   188        SH: 39    Dex: 13    Spells: 69/69 levels left

rFire    + + +     SeeInvis +   d - +7 eudemon blade (holy)
rCold    + + .     Faith    .   c - +8 tower shield
rNeg     + . .     Spirit   .   b - +16 gold dragon scales of the Original Sin {rPois rF+ rC+ Will+ Str-4 Stlth+}
rPois    +         Reflect  .   A - +0 hat "Duehiriof" {rElec Int-3 SInv}
rElec    +         Harm     .   i - +2 cloak {Will+}
rCorr    .         Rampage  +   B - +2 pair of gloves
Will     +++..     Rnd*Rage +   G - +2 pair of boots {rampage} Stlth +.........NoTele +
                                M - amulet "Buagadik" {rN+ Regen+ Str+4}
HPRegen  0.86/turn              O - ring "Ciffowog" {rF++ rC+}
MPRegen  0.31/turn              N - ring "Vugilik" {Int+3 Slay+3}

@: no status effects
A: retaliatory headbutt, reduced essence, horns 2, large bone plates 1, berserk
1
0: Orb of Zot
}: 17/17 runes: decaying, serpentine, barnacled, slimy, elven, silver, golden,
iron, obsidian, icy, bone, abyssal, glowing, magical, fiery, dark, gossamer
a: Renounce Religion, Recall Ancestor, Ancestor Identity, Transference, Idealise


You escaped.
You worshipped Hepliaklqana.
Hepliaklqana was exalted by your worship.
You visited 1 branch You collected 2028 gold pieces.
You spent 1840 gold pieces at shops.

Inventory:

Hand Weapons
 a - a +5 demon blade of flaming
 d - a +7 eudemon blade of holy wrath (weapon)
 q - the +7 Singing Sword {vorpal, sonic wave}
   (You found it in the Dungeon)

   It inflicts extra damage upon your enemies.
Missiles
 y - 19 silver javelins (quivered)
Armour
 b - the +16 gold dragon scales of the Original Sin (worn) {rPois rF+ rC+ Will+ Str-4 Stlth+}
   (You bought it in a shop in the Dungeon)

   It affects your strength (-4).
   It protects you from fire.
   It protects you from cold.
   It protects you from poison.
   It affects your willpower, your defense against some magical effects.
   It makes you more stealthy.
 c - a +8 tower shield (worn)
 g - a +5 kite shield of reflection
 i - a +2 cloak of willpower (worn)
 A - the +0 hat "Duehiriof" (worn) {rElec Int-3 SInv}
   (You found it in the Dungeon)

   It affects your intelligence (-3).
   It insulates you from electricity.
   It lets you see invisible.
 B - a +2 pair of gloves (worn)
 G - a +2 pair of boots of rampaging (worn)
 P - the +0 gold dragon scales of the Manifold Shrikes {+Fly rPois rF+ rC+ rCorr}
   (You found it in the Dungeon)

   It protects you from fire.
   It protects you from cold.
   It protects you from poison.
   It lets you fly.
   It provides partial protection from all sources of acid and corrosion.
Jewellery
 j - an uncursed ring of poison resistance
 w - an uncursed amulet of reflection
 K - the ring of the Locust {rPois Will+ Str+2}
   (You found it in the Dungeon)

   [ring of willpower]

   It affects your strength (+2).
   It protects you from poison.
   It affects your willpower, your defense against some magical effects.
 L - the ring "Yvekhlipn" {rF+ AC+3 Stlth+}
   (You found it in the Dungeon)

   [ring of protection]

   It affects your AC (+3).
   It protects you from fire.
   It makes you more stealthy.
 M - the amulet "Buagadik" (around neck) {rN+ Regen+ Str+4}
   (You found it in the Dungeon)

   [amulet of regeneration]

   It affects your strength (+4).
   It protects you from negative energy.
   It increases your rate of regeneration.
 N - the ring "Vugilik" (right hand) {Int+3 Slay+3}
   (You found it in the Dungeon)

   [ring of slaying]

   It affects your intelligence (+3).
   It affects your accuracy and damage with ranged weapons and melee attacks
   (+3).
 O - the ring "Ciffowog" (left hand) {rF++ rC+}
   (You found it in the Dungeon)

   [ring of protection from cold]

   It greatly protects you from fire.
   It protects you from cold.
Wands
 n - a wand of iceblast (1)
 r - a wand of flame (19)
Scrolls
 l - 4 scrolls of remove curse
 m - 2 scrolls of amnesia
 u - 10 scrolls of fog
 v - 2 scrolls of enchant armour
 J - 2 scrolls of fear
Potions
 e - 6 potions of curing
 h - 9 potions of magic
 k - a potion of invisibility
 o - 2 potions of brilliance
 p - a potion of attraction {unknown}
 s - 2 potions of ambrosia
 x - 4 potions of mutation
 z - 2 potions of cancellation {unknown}
 E - a potion of flight {unknown}
 H - 2 potions of heal wounds
 I - 5 potions of haste
Miscellaneous
 f - the horn of Geryon


   Skills:
 O Level 27 Fighting
 - Level 3.1(17.6) Short Blades
 O Level 27 Long Blades
 - Level 3.3(4.6) Axes
 - Level 3.3(4.6) Maces & Flails
 - Level 3.3(4.6) Polearms
 - Level 3.3(4.6) Staves
 - Level 3.0(20.2) Slings
 - Level 1.1 Bows
 - Level 1.1 Crossbows
 O Level 27 Throwing
 O Level 27 Armour
 O Level 27 Dodging
 O Level 27 Stealth
 O Level 27 Shields
 - Level 1.1 Unarmed Combat
 + Level 23.9 Spellcasting
 - Level 0.6 Conjurations
 - Level 0.5 Hexes
 - Level 0.6 Summonings
 - Level 0.6 Necromancy
 - Level 0.9 Translocations
 O Level 27 Transmutations
 - Level 0.8 Fire Magic
 - Level 0.8 Ice Magic
 - Level 0.8 Air Magic
 - Level 1.0 Earth Magic
 - Level 0.9 Poison Magic
 O Level 27 Invocations
 O Level 27 Evocations


You had 69 spell levels left.
You didn't know any spells.
Your spell library contained the following spells:

 Spells                   Type           Power        Failure   Level
 Beastly Appendage        Tmut           64%          0%          1
 Wereblood                Tmut           32%          0%          2
 Blade Hands              Tmut           16%          0%          5
 Spider Form              Tmut/Pois      9%           1%          3
 Ice Form                 Ice/Tmut       19%          1%          4


Dungeon Overview and Level Annotations

Branches:
Dungeon (1/1)

Altars:
Cheibriados
Dithmenos
Elyvilon
Fedhas
Gozag
Hepliaklqana
Kikubaaqudgha
Makhleb
Nemelex Xobeh
Okawaru
Qazlal
Ru
Sif Muna
Trog
Uskayaw
Vehumet
Wu Jian
Xom
Yredelemnul
Zin
The Shining One
Beogh
Jiyva
Lugonu

Shops:
D (}[*


Innate Abilities, Weirdness & Mutations

You reflexively headbutt those who attack you in melee.
You have a pair of horns on your head.
Your life essence is reduced to manifest your ancestor. (-10% HP)
You are partially covered in large bone plates. (SH +4)
You tend to lose your temper in combat.


Message History

Aula mumbles some strange words.
Aula seems to speed up.
Unknown command.
You barely miss the balrug. Your headbutt misses the balrug.
Unknown command.
You hit the balrug but do no damage. You headbutt the balrug.
The balrug is lightly wounded.
The balrug closely misses you. You furiously retaliate!
You headbutt the balrug, but do no damage.
You riposte.
You chop the balrug into pieces!!!
The balrug convulses!!!
You kill the balrug!
Unknown command.
Things that are here:
a +0 demon whip of electrocution; a +0 demon trident Unknown command.
Unknown command.
There is an open door to the Dungeon, spattered with blood here.
You see here a stone.
There is a staircase leading out of the dungeon here.
You have escaped!

▓▓▓▓▓▓▓▓▓▓▓▓▓▓▓▓▓▓
▓@R.('.)...'.....'
▓▓▓▓▓▓▓▓▓▓▓▓▓▓▓▓▓▓
▓..).))...........
▓.▓▓▓▓▓▓▓▓▓▓▓▓▓▓▓▓
▓.......'.....)...
▓▓▓▓▓▓▓▓▓▓▓▓▓▓▓▓▓▓
▓.................
▓.▓▓▓▓▓▓▓▓▓▓▓▓▓▓▓▓
▓.............'[))


You could see the friendly Aula the knight (fast).

Vanquished Creatures
  Cerebov (D)
  Antaeus (D)
  Asmodeus (D)
  Ereshkigal (D)
  the Royal Jelly (D)
  Mnoleg (D)
  Lom Lobon (D)
  A seraph (D)
  5 ancient liches (D)
  Dispater (D)
  3 orbs of fire (D)
  Mara (D)
  Mennas (D)
  Boris (D)
  A royal mummy (D)
  Margery (D)
  Xtahua (D)
  Geryon (D)
  Saint Roka (D)
  4 golden dragons (D)
  A bone dragon (D)
  7 pandemonium lords (D)
  A Brimstone Fiend (D)
  2 Tzitzimimeh (D)
  A hellephant (D)
  4 tentacled monstrosities (D)
  An electric golem (D)
  2 Ice Fiends (D)
  3 liches (D)
  33 Orb Guardians (D)
  A titan (D)
  10 acid blobs (D)
  11 sphinxes (D)
  2 deep elf blademasters (D)
  3 deep elf master archers (D)
  Frances (D)
  2 death cobs (D)
  8 shadow dragons (D)
  A tentacled starspawn (D)
  5 storm dragons (D)
  Donald (D)
  2 draconian monks (D)
  3 fire giants (D)
  Ilsuiw (D)
  3 draconian knights (D)
  A daeva (D)
  9 azure jellies (D)
  2 deep elf sorcerers (D)
  3 ghost moths (D)
  A vault warden (D)
  7 nagarajas (D)
  Aizul (D)
  2 draconian scorchers (D)
  4 frost giants (D)
  A balrug (D)
  Louise (D)
  4 ironheart preservers (D)
  A spriggan defender (D)
  5 emperor scorpions (D)
  2 very ugly things (D)
  A draconian annihilator (D)
  7 stone giants (D)
  A blood saint (D)
  9 vampire knights (D)
  3 black draconians (D)
  4 green draconians (D)
  Nessos (D)
  A black sun (D)
  A deep elf demonologist (D)
  3 deep elf annihilators (D)
  An entropy weaver (D)
  A lorocyproca (D)
  3 yellow draconians (D)
  3 red draconians (D)
  A bunyip (D)
  2 purple draconians (D)
  2 white draconians (D)
  3 merfolk javelineers (D)
  A deep elf death mage (D)
  An ettin (D)
  6 merfolk impalers (D)
  4 death oozes (D)
  Josephine (D)
  7 mummy priests (D)
  3 yaktaur captains (D)
  3 fire dragons (D)
  3 great orbs of eyes (D)
  A monstrous demonspawn (D)
  25 vault guards (D)
  2 deep elf high priests (D)
  A rakshasa (D)
  A boulder beetle (D)
  3 ice dragons (D)
  2 ogre magi (D)
  12 hydras (D)
  An anaconda (D)
  2 centaur warriors (D)
  4 merfolk aquamancers (D)
  5 death yaks (D)
  2 orc high priests (D)
  3 tengu warriors (D)
  A thrashing horror (D)
  3 deep troll earth magi (D)
  12 spriggans (D)
  2 soul eaters (D)
  3 sun demons (D)
  Nergalle (D)
  4 hell knights (D)
  A shock serpent (D)
  4 sea snakes (D)
  2 shadow demons (D)
  A naga ritualist (D)
  9 swamp dragons (D)
  5 large abominations (D)
  A cherub (D)
  3 orc knights (D)
  A torturous demonspawn (D)
  A harpy (D)
  2 wizards (D)
  A gelid demonspawn (D)
  3 glowing orange brains (D)
  2 necromancers (D)
  A spriggan druid (D)
  A deep elf archer (D)
  3 ironbrand convokers (D)
  8 orc sorcerers (D)
  An orb spider (D)
  4 wolf spiders (D)
  4 ugly things (D)
  11 moths of wrath (D)
  2 cyclopes (D)
  A manticore (D)
  4 black mambas (D)
  An elephant (shapeshifter) (D)
  A guardian serpent (D)
  A merfolk siren (D)
  5 naga magi (D)
  2 smoke demons (D)
  Maurice (D)
  An orange demon (D)
  2 rust devils (D)
  A cane toad (D)
  A rime drake (D)
  A komodo dragon (D)
  4 freezing wraiths (D)
  A hellwing (D)
  4 demonic crawlers (D)
  4 yaktaurs (D)
  2 ice devils (D)
  2 tormentors (D)
  A red devil (D)
  17 guardian mummies (D)
  A wandering mushroom (D)
  A jumping spider (shapeshifter) (D)
  2 merfolk (D)
  2 jumping spiders (D)
  A hornet (D)
  2 blink frogs (D)
  2 redbacks (D)
  4 slime creatures (D)
  4 starcursed masses (D)
  A ynoxinul (D)
  5 wraiths (D)
  A tarantella (D)
  4 yaks (D)
  A golden eye (D)
  Grum (D)
  A steam dragon (D)
  3 neqoxecs (D)
  3 chaos spawn (D)
  A warg (D)
  An acid dragon (D)
  2 nagas (D)
  2 floating eyes (D)
  4 hell hounds (D)
  2 water moccasins (D)
  2 swamp drakes (D)
  A black bear (D)
  An eye of draining (D)
  11 orc warriors (D)
  A sky beast (D)
  An eye of draining (shapeshifter) (D)
  An ogre (D)
  3 wolves (D)
  A centaur (D)
  A small abomination (D)
  A gnoll sergeant (D)
  6 bullfrogs (D)
  2 scorpions (D)
  2 killer bees (D)
  2 hounds (D)
  6 orc priests (D)
  An iron imp (D)
  An iguana (shapeshifter) (D)
  7 orc wizards (D)
  A hell rat (D)
  An ufetubus (D)
  5 orcs (D)
  A ball python (D)
  A bat skeleton (D)
  A jackal (D)
  A frilled lizard (D)
  A kobold (D)
  3 rats (D)
  5 ball lightnings (D)
  A crawling corpse (D)
599 creatures vanquished.

Vanquished Creatures (collateral kills)
  Gloorx Vloq (D)
  A royal mummy (D)
  2 sphinxes (D)
  A shadow dragon (D)
  An emperor scorpion (D)
  A vampire knight (D)
  A mummy priest (D)
  A boulder beetle (D)
  A guardian mummy (D)
  A large abomination (D)
  An orc wizard (D)
  A crawling corpse (D)
13 creatures vanquished.

Vanquished Creatures (others)
  An ancient lich (D)
  A fire giant (D)
  A purple draconian (D)
  A bloated husk (D)
  18 knights (D)
  An ancestor (D)
  16 ball lightnings (D)
  A fire vortex (D)
40 creatures vanquished.

Grand Total: 652 creatures vanquished

Notes
Turn   | Place    | Note
-------+----------+-------------------------------------------
     0 | D        | mhtbhm the Minotaur Fighter began the quest for the Orb.
     0 | D        | Reached XP level 1. HP: 19/19 MP: 0/0
    65 | D        | Noticed a scorpion
    65 | D        | Noticed a sky beast
    72 | D        | Killed a scorpion
    73 | D        | Reached skill level 5 in Armour
    73 | D        | Reached skill level 5 in Shields
    73 | D        | Reached XP level 2. HP: 18/30 MP: 1/1
    73 | D        | Reached XP level 3. HP: 22/37 MP: 2/2
    81 | D        | Killed a sky beast
    82 | D        | Reached XP level 4. HP: 21/47 MP: 3/3
    82 | D        | Reached XP level 5. HP: 23/52 MP: 4/4
   251 | D        | Found a roughly hewn altar of Beogh.
   251 | D        | Found a snail-covered altar of Cheibriados.
   251 | D        | Found a shadowy altar of Dithmenos.
   251 | D        | Found a white marble altar of Elyvilon.
   251 | D        | Found a blossoming altar of Fedhas.
   251 | D        | Found an opulent altar of Gozag.
   252 | D        | Found a hazy altar of Hepliaklqana.
   253 | D        | Found a viscous altar of Jiyva.
   254 | D        | Found an ancient bone altar of Kikubaaqudgha.
   255 | D        | Found a corrupted altar of Lugonu.
   256 | D        | Found a burning altar of Makhleb.
   257 | D        | Found a sparkling altar of Nemelex Xobeh.
   258 | D        | Found an iron altar of Okawaru.
   259 | D        | Found a stormy altar of Qazlal.
   260 | D        | Found a sacrificial altar of Ru.
   261 | D        | Found a shimmering blue altar of Sif Muna.
   262 | D        | Found a bloodstained altar of Trog.
   263 | D        | Found a hide-covered altar of Uskayaw.
   264 | D        | Found a radiant altar of Vehumet.
   265 | D        | Found an ornate altar of the Wu Jian Council.
   266 | D        | Found a shimmering altar of Xom.
   273 | D        | Found a basalt altar of Yredelemnul.
   274 | D        | Found a glowing silver altar of Zin.
   275 | D        | Found a glowing golden altar of the Shining One.
   288 | D        | Became a worshipper of Hepliaklqana the Forgotten
   345 | D        | Noticed a black bear
   353 | D        | Reached skill level 5 in Long Blades
   353 | D        | Reached skill level 1 in Dodging
   354 | D        | Killed a black bear
   363 | D        | Reached XP level 6. HP: 31/55 MP: 5/5
   519 | D        | Noticed a steam dragon
   519 | D        | Noticed an acid dragon
   537 | D        | Reached XP level 7. HP: 30/63 MP: 6/6
   541 | D        | Reached skill level 10 in Fighting
   541 | D        | Reached skill level 10 in Armour
   541 | D        | Reached skill level 10 in Shields
   546 | D        | Killed a steam dragon
   547 | D        | Reached skill level 1 in Stealth
   857 | D        | Reached * piety under Hepliaklqana
   885 | D        | Noticed Maurice
   898 | D        | Killed Maurice
   899 | D        | Reached skill level 10 in Long Blades
   899 | D        | Reached skill level 5 in Dodging
   899 | D        | Reached XP level 8. HP: 63/72 MP: 7/7
   989 | D        | Reached ** piety under Hepliaklqana
   989 | D        | Noticed a four-headed hydra
   989 | D        | Noticed a blink frog
   989 | D        | Noticed a komodo dragon
   996 | D        | Killed a one-headed hydra
   997 | D        | Reached skill level 1 in Evocations
   997 | D        | Noticed a four-headed hydra
  1003 | D        | Noticed a cane toad
  1007 | D        | Reached XP level 9. HP: 70/80 MP: 8/8
  1018 | D        | Killed a komodo dragon
  1021 | D        | Killed a one-headed hydra
  1029 | D        | Killed a cane toad
  1210 | D        | Noticed a seven-headed hydra
  1210 | D        | Noticed a rime drake
  1210 | D        | Noticed a four-headed hydra
  1217 | D        | Killed a four-headed hydra
  1218 | D        | Reached skill level 15 in Long Blades
  1218 | D        | Reached XP level 10. HP: 76/90 MP: 9/9
  1226 | D        | Killed a one-headed hydra
  1365 | D        | Noticed a death yak
  1365 | D        | Noticed a death yak
  1365 | D        | Noticed a death yak
  1365 | D        | Noticed a death yak
  1365 | D        | Noticed a death yak
  1370 | D        | Killed a death yak
  1378 | D        | Killed a death yak
  1379 | D        | Reached skill level 15 in Shields
  1391 | D        | Killed a death yak
  1392 | D        | Reached XP level 11. HP: 32/97 MP: 10/10
  1717 | D        | Killed a death yak
  1719 | D        | Killed a death yak
  1800 | D        | Noticed Grum
  1807 | D        | Reached *** piety under Hepliaklqana
  1809 | D        | Killed Grum
  1896 | D        | Noticed a stone giant
  1907 | D        | Killed a stone giant
  1943 | D        | Reached skill level 15 in Fighting
  2212 | D        | Remembered your ancestor Aula as a knight
  2232 | D        | Reached **** piety under Hepliaklqana
  2232 | D        | Noticed an orc knight
  2237 | D        | Noticed an orc knight
  2246 | D        | Killed an orc knight
  2251 | D        | Noticed an orc high priest
  2265 | D        | Killed an orc knight
  2268 | D        | Noticed an orc high priest
  2295 | D        | Killed an orc high priest
  2301 | D        | Killed an orc high priest
  2541 | D        | Found Posa's Antique Weapon Emporium.
  2541 | D        | Noticed an orc sorcerer
  2541 | D        | Noticed an orc sorcerer
  2541 | D        | Noticed an orc sorcerer
  2542 | D        | Noticed an orc sorcerer
  2547 | D        | Killed an orc sorcerer
  2548 | D        | Reached skill level 10 in Dodging
  2548 | D        | Found Byisubej's Gadget Shoppe.
  2548 | D        | Noticed an orc sorcerer
  2554 | D        | Killed an orc sorcerer
  2555 | D        | Noticed a sixfirhy
  2558 | D        | Killed an orc sorcerer
  2559 | D        | Noticed a soul eater
  2577 | D        | Found Tangel's Armour Emporium.
  2578 | D        | Paralysed by an orc sorcerer for 7 turns
  2583 | D        | Noticed an orc sorcerer
  2586 | D        | Killed an orc sorcerer
  2587 | D        | Reached XP level 12. HP: 67/109 MP: 11/11
  2715 | D        | Upgraded the game from 0.27-a0-54-g64bdb92e38 to
                  | 0.27-a0-59-gfbafd837a3
  2744 | D        | Found Koorir's General Store.
  3019 | D        | Bought the +16 gold dragon scales of the Original Sin
                  | {rPois rF+ rC+ Will+ Str-4 Stlth+} for 1840 gold pieces
  3152 | D        | Reached ***** piety under Hepliaklqana
  3217 | D        | Noticed a tengu warrior
  3217 | D        | Noticed a six-headed hydra
  3220 | D        | Noticed a centaur warrior
  3227 | D        | Killed a tengu warrior
  3228 | D        | Noticed a stone giant
  3234 | D        | Noticed an ice dragon
  3245 | D        | Noticed a frost giant
  3245 | D        | Killed a one-headed hydra
  3248 | D        | Noticed a centaur warrior
  3265 | D        | Killed a stone giant
  3272 | D        | Killed a centaur warrior
  3277 | D        | Killed an ice dragon
  3278 | D        | Noticed a fire giant
  3287 | D        | Killed a frost giant
  3292 | D        | Killed a centaur warrior
  3318 | D        | Killed a fire giant
  3559 | D        | Noticed Nergalle
  3567 | D        | Killed Nergalle
  3611 | D        | Noticed Aizul
  3626 | D        | Killed Aizul
  3627 | D        | Reached XP level 13. HP: 71/122 MP: 12/12
  3977 | D        | Reached skill level 1 in Invocations
  3997 | D        | Reached skill level 15 in Armour
  4088 | D        | Noticed a merfolk javelineer
  4088 | D        | Noticed a merfolk impaler
  4105 | D        | Killed a merfolk javelineer
  4124 | D        | Killed a merfolk impaler
  4125 | D        | Reached skill level 5 in Invocations
  4238 | D        | Noticed a bunyip
  4248 | D        | Killed a bunyip
  4430 | D        | Noticed an entropy weaver
  4449 | D        | Killed an entropy weaver
  4622 | D        | Reached ****** piety under Hepliaklqana
  4632 | D        | Noticed Josephine
  4642 | D        | Killed Josephine
  4673 | D        | Noticed Frances
  4706 | D        | Killed Frances
  4707 | D        | Reached XP level 14. HP: 86/134 MP: 19/19
  4709 | D        | Noticed Donald
  4723 | D        | Killed Donald
  4876 | D        | Noticed a spriggan defender
  4888 | D        | Noticed a brown very ugly thing
  4903 | D        | Noticed a fire giant
  4911 | D        | Noticed a frost giant
  4920 | D        | Killed a spriggan defender
  4941 | D        | Killed a brown very ugly thing
  4942 | D        | Reached skill level 10 in Invocations
  4949 | D        | Paralysed by a floating eye for 3 turns
  4959 | D        | Noticed a stone giant
  4965 | D        | Killed a fire giant
  5415 | D        | Killed a frost giant
  5617 | D        | Killed a stone giant
  5785 | D        | Noticed an ironheart preserver
  5791 | D        | Killed an ironheart preserver
  5850 | D        | Noticed an ironheart preserver
  5858 | D        | Noticed an ironheart preserver
  5860 | D        | Noticed a frost giant
  5866 | D        | Killed an ironheart preserver
  5876 | D        | Noticed Ilsuiw
  5881 | D        | Killed an ironheart preserver
  5881 | D        | Noticed a vault warden
  5899 | D        | Killed a frost giant
  5916 | D        | Noticed an ironheart preserver
  5922 | D        | Killed Ilsuiw
  5923 | D        | Reached XP level 15. HP: 30/144 MP: 23/23
  5940 | D        | Killed a vault warden
  6293 | D        | Paralysed by an ancient lich for 2 turns
  6294 | D        | Noticed an ancient lich
  6294 | D        | Noticed an orb of fire
  6304 | D        | Killed an ancient lich
  6304 | D        | Gained mutation: You tend to lose your temper in combat.
                  | [an orb of fire]
  6320 | D        | Gained mutation: You are partially covered in large bone
                  | plates. (SH +4) [an orb of fire]
  6322 | D        | Killed an orb of fire
  6660 | D        | Noticed Mennas
  6687 | D        | Killed Mennas
  6690 | D        | Noticed Mara
  6691 | D        | Noticed Boris
  6692 | D        | Noticed mhtbhm's illusion
  6718 | D        | Killed Mara
  6719 | D        | Reached skill level 15 in Invocations
  6737 | D        | Killed Boris
  6738 | D        | Reached skill level 27 in Shields
  6837 | D        | Noticed Margery
  6844 | D        | Reached skill level 5 in Throwing
  6858 | D        | Killed Margery
  6859 | D        | Reached XP level 16. HP: 121/159 MP: 25/27
  7022 | D        | Found the +7 Singing Sword {vorpal, sonic wave}
  7050 | D        | Got the +0 hat "Plog" {rElec rPois rF- Int+4}
  7054 | D        | Got the +0 hat "Duehiriof" {rElec Int-3 SInv}
  7300 | D        | Got a gossamer rune of Zot
  7439 | D        | Reached skill level 27 in Long Blades
  7453 | D        | Reached skill level 27 in Fighting
  7460 | D        | Got a serpentine rune of Zot
  7624 | D        | Got a decaying rune of Zot
  7725 | D        | Got a barnacled rune of Zot
  7825 | D        | Noticed Nessos
  7832 | D        | Killed Nessos
  7844 | D        | Noticed Xtahua
  7856 | D        | Killed Xtahua
  7893 | D        | Noticed Louise
  7907 | D        | Killed Louise
  7908 | D        | Reached XP level 17. HP: 166/171 MP: 30/30
  8095 | D        | Reached skill level 10 in Throwing
  8340 | D        | Noticed an ancient lich
  8365 | D        | Killed an ancient lich
  8402 | D        | Reached skill level 27 in Armour
  8423 | D        | Reached skill level 15 in Throwing
  8465 | D        | Got a pair of jewelled boots
  8482 | D        | Identified the +2 pair of boots "Veukivva" {Int+3} (You
                  | found it in the Dungeon)
  8584 | D        | Noticed a titan
  8598 | D        | Killed a titan
  8655 | D        | Got a silver rune of Zot
  9067 | D        | Got the ring of the Locust {rPois Will+ Str+2}
  9069 | D        | Got the ring "Yvekhlipn" {rF+ AC+3 Stlth+}
  9071 | D        | Got the amulet "Buagadik" {rN+ Regen+ Str+4}
  9073 | D        | Got the ring "Vugilik" {Int+3 Slay+3}
  9075 | D        | Got the ring "Ciffowog" {rF++ rC+}
  9110 | D        | Got the +0 gold dragon scales of the Manifold Shrikes {+Fly
                  | rPois rF+ rC+ rCorr}
  9298 | D        | Noticed Saint Roka
  9314 | D        | Killed Saint Roka
  9453 | D        | Noticed a bone dragon
  9464 | D        | Killed a bone dragon
  9465 | D        | Reached XP level 18. HP: 180/180 MP: 33/33
  9564 | D        | Noticed a tentacled monstrosity
  9569 | D        | Killed a tentacled monstrosity
  9570 | D        | Reached skill level 27 in Invocations
  9838 | D        | Noticed a tentacled monstrosity
  9856 | D        | Killed a tentacled monstrosity
  9918 | D        | Noticed a tentacled monstrosity
  9926 | D        | Killed a tentacled monstrosity
  9945 | D        | Reached skill level 27 in Throwing
 10079 | D        | Noticed an Orb Guardian
 10079 | D        | Noticed an Orb Guardian
 10079 | D        | Noticed an Orb Guardian
 10079 | D        | Noticed an Orb Guardian
 10079 | D        | Noticed an Orb Guardian
 10079 | D        | Noticed an Orb Guardian
 10094 | D        | Killed an Orb Guardian
 10095 | D        | Reached skill level 1 in Short Blades
 10095 | D        | Reached skill level 1 in Axes
 10095 | D        | Reached skill level 1 in Maces & Flails
 10095 | D        | Reached skill level 1 in Polearms
 10095 | D        | Reached skill level 1 in Staves
 10095 | D        | Reached skill level 1 in Slings
 10095 | D        | Reached skill level 1 in Bows
 10095 | D        | Reached skill level 1 in Crossbows
 10095 | D        | Reached skill level 1 in Unarmed Combat
 10095 | D        | Reached skill level 1 in Transmutations
 10095 | D        | Reached skill level 1 in Earth Magic
 10102 | D        | Killed an Orb Guardian
 10116 | D        | Killed an Orb Guardian
 10117 | D        | Reached skill level 5 in Evocations
 10117 | D        | Noticed an Orb Guardian
 10124 | D        | Killed an Orb Guardian
 10125 | D        | Reached skill level 5 in Stealth
 10133 | D        | Killed an Orb Guardian
 10137 | D        | Killed an Orb Guardian
 10141 | D        | Killed an Orb Guardian
 10142 | D        | Noticed an Orb Guardian
 10143 | D        | Noticed an Orb Guardian
 10143 | D        | Noticed an Orb Guardian
 10151 | D        | Killed an Orb Guardian
 10152 | D        | Reached XP level 19. HP: 186/186 MP: 35/35
 10204 | D        | Noticed a golden dragon
 10208 | D        | Reached skill level 10 in Evocations
 10209 | D        | Killed a golden dragon
 10210 | D        | Reached skill level 15 in Dodging
 10225 | D        | Noticed an ancient lich
 10238 | D        | Killed an ancient lich
 10246 | D        | Noticed an electric golem
 10255 | D        | Killed an electric golem
 10287 | D        | Noticed an ancient lich
 10287 | D        | Noticed a golden dragon
 10288 | D        | Noticed an ancient lich
 10292 | D        | Noticed an orb of fire
 10298 | D        | Killed an ancient lich
 10299 | D        | Killed an ancient lich
 10299 | D        | Killed a golden dragon
 10300 | D        | Reached skill level 15 in Stealth
 10300 | D        | Reached skill level 15 in Evocations
 10302 | D        | Noticed a golden dragon
 10304 | D        | Killed an orb of fire
 10307 | D        | Noticed an orb of fire
 10308 | D        | Killed a golden dragon
 10310 | D        | Noticed a golden dragon
 10314 | D        | Killed a golden dragon
 10316 | D        | Killed an orb of fire
 10467 | D        | Reached XP level 20. HP: 194/194 MP: 36/36
 10616 | D        | Noticed an ancient lich
 10633 | D        | Killed an ancient lich
 10785 | D        | Reached skill level 27 in Dodging
 10808 | D        | Got an elven rune of Zot
 11182 | D        | Noticed the Royal Jelly
 11186 | D        | Killed the Royal Jelly
 11196 | D        | Reached XP level 21. HP: 201/201 MP: 37/37
 11199 | D        | Reached skill level 27 in Evocations
 11230 | D        | Got a slimy rune of Zot
 12333 | D        | Noticed a royal mummy
 12333 | D        | Noticed a royal mummy
 12343 | D        | Killed a royal mummy
 12344 | D        | Reached skill level 27 in Stealth
 12349 | D        | Killed a royal mummy
 12350 | D        | Reached skill level 5 in Spellcasting
 12861 | D        | Got a golden rune of Zot
 12893 | D        | Got an abyssal rune of Zot
 13031 | D        | Noticed Geryon
 13037 | D        | Killed Geryon
 13038 | D        | Reached skill level 10 in Transmutations
 13042 | D        | Noticed Ereshkigal
 13042 | D        | Identified the +4 staff of Dispater
 13042 | D        | Noticed Dispater
 13043 | D        | Noticed Gloorx Vloq
 13426 | D        | Killed Ereshkigal
 13427 | D        | Reached skill level 10 in Spellcasting
 13569 | D        | Killed Dispater
 13673 | D        | Killed Gloorx Vloq
 13674 | D        | Reached skill level 15 in Transmutations
 13899 | D        | Noticed Lom Lobon
 13910 | D        | Noticed Antaeus
 13915 | D        | Identified the +6 sword of Cerebov {flame}
 13915 | D        | Noticed Cerebov
 13951 | D        | Killed Antaeus
 13952 | D        | Reached XP level 22. HP: 43/209 MP: 37/39
 13969 | D        | Identified the +7 sceptre of Asmodeus
 13969 | D        | Noticed Asmodeus
 13983 | D        | Noticed Mnoleg
 13993 | D        | Killed Lom Lobon
 13994 | D        | Reached skill level 15 in Spellcasting
 14016 | D        | Killed Cerebov
 14305 | D        | Killed Mnoleg
 14476 | D        | Killed Asmodeus
 14597 | D        | Got a bone rune of Zot
 14602 | D        | Got an iron rune of Zot
 14606 | D        | Got a dark rune of Zot
 14610 | D        | Got a magical rune of Zot
 14614 | D        | Got an icy rune of Zot
 14618 | D        | Got a fiery rune of Zot
 14622 | D        | Got an obsidian rune of Zot
 14626 | D        | Got a glowing rune of Zot
 15067 | D        | Got the Orb of Zot
 15353 | D        | Noticed Disileni the pandemonium lord
 15354 | D        | Noticed Qugh the pandemonium lord
 15361 | D        | Killed Disileni the pandemonium lord
 15370 | D        | Killed Qugh the pandemonium lord
 15677 | D        | Noticed Midut Izeco the pandemonium lord
 15681 | D        | Killed Midut Izeco the pandemonium lord
 15912 | D        | Noticed Fuciah the pandemonium lord
 15930 | D        | Killed Fuciah the pandemonium lord
 16101 | D        | Noticed Mylos the pandemonium lord
 16107 | D        | Killed Mylos the pandemonium lord
 16109 | D        | Noticed Wyeced the pandemonium lord
 16124 | D        | Killed Wyeced the pandemonium lord
 16435 | D        | Reached XP level 23. HP: 216/216 MP: 46/48
 16706 | D        | Noticed Egask the pandemonium lord
 16717 | D        | Killed Egask the pandemonium lord
 17044 | D        | Noticed a seraph
 17062 | D        | Killed a seraph
 17186 | D        | Reached skill level 27 in Transmutations
 17215 | D        | Escaped with the Orb!

Illustrated notes

Levels and vault maps discovered:
D:        linesprint [early_d, line_temple, items_1, d_10, items_2, lair_1,
          lair_end, items_3, orc_1, orc_end, items_4, d_15, swamp_1, shoals_1,
          snake_1, spider_1, d_20, vaults_1, items_5, swamp_end, shoals_end,
          snake_end, spider_end, vaults_end, d_27, items_6, zot_1, zot_end,
          crypt_end, forest_end, elf_end, slime_end, tomb_end, abyss_end,
          pan_hell_end]

Skill      XL: |  1  2  3  4  5  6  7  8  9 10 11 12 13 14 15 16 17 18 19 20 21 22 23 |
---------------+----------------------------------------------------------------------+-----
Fighting       | 6 7 8 9 10 11 12 13 16 18 20 22 24 27 | 27.0
Armour         | 5 7 8 9 10 11 13 14 16 18 19 24 27 | 27.0
Shields        | 5 7 8 9 11 12 13 15 17 20 22 25 27 | 27.0
Long Blades    | 3 4 6 8 10 12 15 17 19 21 22 23 25 27 | 27.0
Dodging        | 2 3 5 6 7 8 10 13 21 27 | 27.0
Stealth        | 1 2 3 8 20 21 27 | 27.0
Evocations     | 1 2 3 4 8 17 26 27 | 27.0
Invocations    | 8 12 16 20 25 27 | 27.0
Throwing       | 5 8 18 27 | 27.0
Short Blades   | 3 |  3.1
Axes           | 3 |  3.3
Maces & Flails | 3 |  3.3
Polearms       | 3 |  3.3
Staves         | 3 |  3.3
Slings         | 3 |  3.0
Bows           | 1 |  1.1
Crossbows      | 1 |  1.1
Unarmed Combat | 1 |  1.1
Transmutations | 1 16 25 27 | 27.0
Earth Magic    | 1 |  1.0
Spellcasting   | 14 22 23 | 23.9
Conjurations   | |  0.6
Hexes          | |  0.5
Summonings     | |  0.6
Necromancy     | |  0.6
Translocations | |  0.9
Fire Magic     | |  0.8
Ice Magic      | |  0.8
Air Magic      | |  0.8
Poison Magic   | |  0.9

Action                   |  1- 3 |  4- 6 |  7- 9 | 10-12 | 13-15 | 16-18 | 19-21 | 22-24 || total
-------------------------+-------+-------+-------+-------+-------+-------+-------+-------++-------
Melee: Long sword        |    25 |     3 |       |       |       |       |       |       ||    28
       Headbutt          |     6 |     9 |    20 |   125 |   171 |   250 |   116 |    94 ||   791
       Scimitar          |       |    45 |    63 |   364 |   620 |   137 |       |       ||  1229
       Eudemon blade     |       |       |       |       |    28 |    16 |   371 |   285 ||   700
       Double sword      |       |       |       |       |    19 |    28 |       |       ||    47
       Demon blade       |       |       |       |       |     5 |   657 |    62 |       ||   724
Throw: Javelin           |       |       |       |       |     5 |    27 |    79 |    34 ||   145
Invok: Ancestor Identity |       |       |       |     1 |     2 |       |       |       ||     3
       Ancestor Life: Kn |       |       |       |     1 |       |       |       |       ||     1
       Idealise          |       |       |       |       |     1 |       |     2 |     1 ||     4
       Transference      |       |       |       |       |     1 |       |     2 |     1 ||     4
Evoke: Wand              |       |       |     2 |     3 |     3 |     1 |       |       ||     9
       Horn of Geryon    |       |       |       |       |       |       |       |     1 ||     1
  Use: Potion            |       |     1 |       |     1 |    10 |       |     9 |     8 ||    29
       Scroll            |       |       |       |       |     2 |    20 |     2 |     2 ||    26
 Stab: Distracted        |       |       |       |       |       |       |     1 |     1 ||     2
       Sleeping          |       |       |       |       |       |       |     1 |       ||     1
       Invisible         |       |       |       |       |       |       |       |     4 ||     4
Armor: Scale mail        |     8 |     1 |       |       |       |       |       |       ||     9
       Ring mail         |       |    20 |     9 |     9 |       |       |       |       ||    38
       Chain mail        |       |       |       |    14 |       |       |       |       ||    14
       Gold dragon scale |       |       |       |    27 |   181 |   147 |    59 |    50 ||   464
Dodge: Dodged            |     6 |    18 |    26 |    49 |    75 |    80 |    36 |    21 ||   311
Block: Kite shield       |    10 |    35 |    29 |   160 |   392 |   357 |       |       ||   983
       Reflection        |       |       |       |     2 |    11 |    13 |     3 |       ||    29
       Tower shield      |       |       |       |       |       |   217 |   335 |   206 ||   758
       Rpst.: Long sword |     3 |       |       |       |       |       |       |       ||     3
       Scimitar          |       |     3 |     3 |    12 |    10 |     3 |       |       ||    31
       Demon blade       |       |       |       |       |       |     7 |     1 |       ||     8
       Eudemon blade     |       |       |       |       |       |       |       |     4 ||     4

Table legend: (Time is in decaauts) A = Elapsed time spent in this place. B = Non-inter-level travel time spent in this place. C = Inter-level travel time spent in this place. D = Time resting spent in this place. E = Time spent auto-exploring this place. F = Levels seen in this place. G = Mean time per level. A B C D E F G +--------+--------+--------+--------+--------+-----+--------+ Total | 16268 | 15874 | 394 | 7412 | 1342 | 1 | 16268.0 | Dungeon | 16268 | 15874 | 394 | 7412 | 1342 | 1 | 16268.0 | +--------+--------+--------+--------+--------+-----+--------+

Top non-repeatable levels by time:
       D: 16268 daAuts
